 Dungeon Crawl Stone Soup version 0.22-a0-283-g1871b15 (webtiles) character file.

65 4thArraOfDagon the Slasher (level 4, -2/33 HPs)
             Began as a Formicid Warper on Mar 18, 2018.
             Slain by a centaur (3 damage)
             ... on level 7 of the Dungeon.
             The game lasted 00:02:39 (649 turns).

4thArraOfDagon the Slasher (Formicid Warper)         Turns: 649, Time: 00:02:40

Health: -2/33      AC:  7    Str: 16    XL:     4   Next: 35%
Magic:  0/7        EV:  9    Int: 13    God:
Gold:   66         SH:  0    Dex: 10    Spells: 7/7 levels left

rFire    . . .     SeeInvis +   a - +0 falchion
rCold    + . .     Gourm    .   (no shield)
rNeg     . . .     Faith    .   i - +0 scale mail {rC+}
rPois    .         Spirit   +   (helmet unavailable)
rElec    .         Reflect  .   k - +0 cloak
rCorr    .         Harm     .   (no gloves)
MR       .....                  (no boots)
Stlth    ..........             h - amulet of guardian spirit
HPRegen  0.11/turn              (no ring)
MPRegen  0.10/turn              (no ring)

@: no status effects
A: permanent stasis, dig shafts and tunnels, four strong arms, antennae 3
a: Dig, Shaft Self


You were on level 7 of the Dungeon.
You were not hungry.

You visited 1 branch of the dungeon, and saw 7 of its levels.

You collected 66 gold pieces.

Inventory:

Hand Weapons
 a - a +0 falchion (weapon)
Missiles
 e - 5 tomahawks of dispersal (quivered)
Armour
 c - a +0 ring mail
 i - a +0 scale mail of cold resistance (worn)
 k - a +0 cloak (worn)
Jewellery
 h - an amulet of guardian spirit (around neck)
Scrolls
 b - 2 scrolls of identify
 d - a scroll of blinking
 g - 2 scrolls of remove curse
Potions
 m - a potion of cancellation
Comestibles
 f - 4 rations
 j - 2 chunks of flesh


   Skills:
 - Level 2.1 Fighting
 * Level 4.3 Long Blades
 - Level 1.0 Throwing
 - Level 1.1 Armour
 - Level 1.7 Dodging
 - Level 2.1 Spellcasting
   Level 2.6 Translocations


You had 7 spell levels left.
You didn't know any spells.

Dungeon Overview and Level Annotations

Branches:
Dungeon (6/15)
 Temple: D:4-7

Altars:

Annotations:
D:3 Jessica; Tovarisch's ghost, amateur GnTm
D:4 Robin
D:5 Eustachio


Innate Abilities, Weirdness & Mutations

You cannot be hasted, slowed, berserked, paralysed or teleported.
You can dig through walls and to a lower floor.
Your four strong arms can wield two-handed weapons with a shield.
You have a pair of large antennae on your head. (SInv)


Message History

The centaur unwields an uncursed shortbow.
The centaur hits you.
* * * LOW HITPOINT WARNING * * *
Unknown command.
Okay, then.
Okay, then.
You hit the centaur.
The centaur is moderately wounded.
The centaur hits you.
* * * LOW HITPOINT WARNING * * *
The centaur hits you but does no damage.
You hit the centaur.
The centaur is moderately wounded.
The centaur hits you.
* * * LOW HITPOINT WARNING * * *
You hit the centaur but do no damage.
The centaur is moderately wounded.
The centaur hits you but does no damage.
The centaur hits you.
You die...

..#
..#
#.#
...
#.#
#.# #
#.##.#
#.(..#
#@...#
#.c..#
#.##.#
#.# .#
#.# .#
#.# #
#.#
#.#


You could see a centaur.

Vanquished Creatures
  A hound (D:5)
  An adder (D:5)
  An ooze (D:2)
  A dart slug (D:1)
  A leopard gecko (D:2)
  2 giant cockroaches
  2 goblins
  A hobgoblin (D:2)
  5 bats
  A frilled lizard (D:2)
  2 kobolds
  4 rats
22 creatures vanquished.

Notes
Turn   | Place    | Note
-------+----------+-------------------------------------------
     0 | D:1      | 4thArraOfDagon the Formicid Warper began the quest for the Orb.
     0 | D:1      | Reached XP level 1. HP: 16/16 MP: 3/3
   219 | D:1      | Reached XP level 2. HP: 22/22 MP: 5/5
   340 | D:2      | Reached skill level 3 in Long Blades
   394 | D:2      | Reached XP level 3. HP: 24/27 MP: 6/6
   469 | D:2      | You fall through a shaft!
   470 | D:3      | Noticed Tovarisch's ghost (amateur GnTm)
   473 | D:3      | Noticed Jessica
   483 | D:4      | Noticed Robin
   501 | D:3      | You fall through a shaft for 3 floors!
   543 | D:5      | Entered Level 5 of the Dungeon
   556 | D:5      | Reached skill level 4 in Long Blades
   556 | D:5      | Reached XP level 4. HP: 12/33 MP: 4/7
   640 | D:5      | Noticed Eustachio
   644 | D:5      | You fall through a shaft for 2 floors!
   644 | D:7      | Noticed a centaur
   648 | D:7      | HP: 1/33 [centaur (1)]
   649 | D:7      | Slain by a centaur

Vault maps used:
D:1:      roderic_chinese_lattice_arrival
D:2:      lemuel_doored_altar, first_ration
D:3:      overflow_temple_1_default, uniq_natasha, uniq_jessica, uniq_ijyb
D:4:      cheibrodos_pilgrimage, vehumet_crystals,
          yredelemnul_forgotten_temple_becter, lemuel_round_altar,
          hangedman_decor_opposing, kennysheep_small_square, uniq_robin,
          uniq_pikel, uniq_blork_the_orc
D:5:      led_sif_book, minmay_temple_entry_nine_rooms,
          kennysheep_generic_room_16, uniq_eustachio, uniq_crazy_yiuf_cottage
D:6:      kennysheep_little_box, portal_sewer_entry_e, serial_bayou_pond_d
D:7:      bloody_makhleb, uniq_menkaure

Skill      XL: |  1  2  3 |
---------------+----------+-----
Long Blades    | 3 4 |  4.3
Fighting       | |  2.1
Throwing       | |  1.0
Armour         | |  1.1
Dodging        | |  1.7
Spellcasting   | |  2.1
Translocations | |  2.6

Action                   |  1- 3 |  4- 6 || total
-------------------------+-------+-------++-------
Melee: Falchion          |    64 |    12 ||    76
 Abil: Dig               |     6 |     1 ||     7
       Shaft Self        |     2 |     1 ||     3
  Use: Scroll            |     5 |       ||     5
       Potion            |     1 |       ||     1
  Eat: Chunk             |       |     1 ||     1
Armor: Leather armour    |     6 |       ||     6
       Ring mail         |     2 |       ||     2
       Scale mail        |    39 |     5 ||    44
Dodge: Dodged            |    50 |     7 ||    57
       Rpst.: Falchion   |     4 |     1 ||     5

Table legend:
 A = Spawn XP
 B = Non-spawn XP
 C = Spawn XP percentage of total XP
 D = Spawn monster count
 E = Non-spawn monster count
 F = Spawn count percentage of total count
 G = Total turns spent on level
                    A         B        C        D         E        F      G
               +---------+---------+-------+---------+---------+-------+---------
         Total |       0 |      94 |   0.0 |       0 |      22 |   0.0 |   649
               +---------+---------+-------+---------+---------+-------+---------
           D:1 |       0 |      14 |   0.0 |       0 |       9 |   0.0 |   336
           D:2 |       0 |      25 |   0.0 |       0 |      11 |   0.0 |   133
           D:5 |       0 |      55 |   0.0 |       0 |       2 |   0.0 |   101
               +---------+---------+-------+---------+---------+-------+---------
